 Dungeon Crawl Stone Soup version 0.22-a0-307-g2b15929 (webtiles) character file.

26 grizmgrazm2 the Grave Robber (level 2, 0/20 HPs)
             Began as a Mummy Necromancer on Apr 1, 2018.
             Slain by a gnoll
             ... wielding a +0 club
              (1 damage)
             ... on level 1 of the Dungeon.
             The game lasted 00:02:44 (1377 turns).

grizmgrazm2 the Grave Robber (Mummy Necromancer)    Turns: 1377, Time: 00:02:44

Health: 0/20       AC:  4    Str: 11    XL:     2   Next: 89%
Magic:  3/6        EV: 11    Int: 14    God:
Gold:   26         SH:  3    Dex: 12    Spells: 6/7 levels left

rFire    x . .     SeeInvis .   b - +0 short sword
rCold    + . .     Gourm    .   c - +0 buckler
rNeg     + + +     Faith    .   a - +0 robe
rPois    ∞         Spirit   .   (no helmet)
rElec    .         Reflect  .   (no cloak)
rCorr    .         Harm     .   (no gloves)
MR       .....                  d - +1 pair of boots
Stlth    ++........             (no amulet)
HPRegen  0.06/turn              (no ring)
MPRegen  0.10/turn              (no ring)

@: very slightly contaminated
A: no food or potions, fire vulnerability, cold resistance 1, negative energy
resistance 3, torment resistance, unbreathing
a: no special abilities


You were on level 1 of the Dungeon.
You were not hungry.

You visited 1 branch of the dungeon, and saw 2 of its levels.

You collected 26 gold pieces.

Inventory:

Hand Weapons
 b - a +0 short sword (weapon)
Armour
 a - a +0 robe (worn)
 c - a +0 buckler (worn)
 d - a +1 pair of boots (worn)
Scrolls
 e - a scroll of amnesia {unknown}
 f - a scroll of identify {unknown}
 g - a scroll of random uselessness {unknown}


   Skills:
 - Level 0.6 Fighting
 - Level 1.5 Dodging
 - Level 1.5 Stealth
 * Level 0.9 Shields
 + Level 3.1 Spellcasting
 + Level 4.3 Necromancy


You had 6 spell levels left.
You knew the following spells:

 Your Spells              Type           Power        Failure   Level  Hunger
a - Pain                  Necr           ##..         4%          1    N/A

Dungeon Overview and Level Annotations

Branches:
Dungeon (2/15)

Altars:
Trog


Innate Abilities, Weirdness & Mutations

You do not eat or drink.
Your flesh is vulnerable to fire.
You are immune to poison.
Your flesh is cold resistant. (rC+)
You are immune to negative energy. (rN+++)
You are immune to unholy pain and torment.
You can survive without breathing.


Message History

Press: ? - help, Shift-Dir - straight line, f - gnoll
Aim: a gnoll, wielding a club (chance to defeat MR: 79%)
The gnoll writhes in agony!
The gnoll hits you with a club.
* * * LOW HITPOINT WARNING * * *
Casting: Pain (safe; 4% risk of failure)
Confirm with . or Enter, or press ? or * to list all spells.
Aiming: Pain (safe; 4% risk of failure)
Press: ? - help, Shift-Dir - straight line, f/p - gnoll
Aim: a gnoll, wielding a club (lightly wounded, chance to defeat MR: 79%)
You miscast Pain.
You are very lightly contaminated with residual magic.
Nothing appears to happen.
The gnoll hits you with a club.
* * * LOW HITPOINT WARNING * * *
Casting: Pain (safe; 4% risk of failure)
Confirm with . or Enter, or press ? or * to list all spells.
Aiming: Pain (safe; 4% risk of failure)
Press: ? - help, Shift-Dir - straight line, f/p - gnoll
Aim: a gnoll, wielding a club (lightly wounded, chance to defeat MR: 79%)
The gnoll writhes in agony!
The gnoll hits you with a club.
You die...

#.# #.# #.# #. #.# #.# #.# #. #.#
#.# #.# ###. #.# ###########
#.###.###... #.# #.........#
##.....!...## #.# #!#######.#
#......###### #.# #.# #.#
#.###### ### ..# #.#
#####.#####.#########.. #.# #.#
#.....@...#.##.....##.. #.# #.#
#.###g##....#.......... #.# #.#
#.# #.##.#.........##.. #.#
#.###.###.##....#......##..
#.#####.........#####.#......####
.........##.##### #.#)##.###
#####.##.##.# #.#.#..#
#.##.##.#########.#.#.##
#...................#.#


You could see a gnoll.

Vanquished Creatures
  An ooze (D:1)
  2 leopard geckos (D:1)
  A ball python (D:1)
  3 goblins (D:1)
  3 hobgoblins (D:1)
  3 jackals (D:1)
  A bat (D:2)
  2 frilled lizards (D:1)
  A kobold (D:1)
  A rat (D:1)
18 creatures vanquished.

Notes
Turn   | Place    | Note
-------+----------+-------------------------------------------
     0 | D:1      | grizmgrazm2 the Mummy Necromancer began the quest for the Orb.
     0 | D:1      | Reached XP level 1. HP: 13/13 MP: 4/4
   181 | D:1      | Reached XP level 2. HP: 17/20 MP: 3/5
  1139 | D:2      | Found a bloodstained altar of Trog.
  1376 | D:1      | HP: 1/20 [gnoll/club (1)]
  1377 | D:1      | Slain by a gnoll

Vault maps used:
D:1:      lemuel_arrival_broad_hall, kennysheep_pointless_box
D:2:      yredelemnul_forgotten_temple_becter, bloody_trog

Skill      XL: |  1  2 |
---------------+-------+-----
Spellcasting   | 3 |  3.1
Fighting       | |  0.6
Dodging        | |  1.5
Stealth        | |  1.5
Shields        | |  0.9
Necromancy     | |  4.3

Action                   || total
-------------------------++-------
Melee: Short sword       ||    26
 Cast: Pain              ||    20
Armor: Robe              ||     5
Dodge: Dodged            ||    19
Block: Buckler           ||     4

Table legend:
 A = Spawn XP
 B = Non-spawn XP
 C = Spawn XP percentage of total XP
 D = Spawn monster count
 E = Non-spawn monster count
 F = Spawn count percentage of total count
 G = Total turns spent on level
                    A         B        C        D         E        F      G
               +---------+---------+-------+---------+---------+-------+---------
         Total |       0 |      38 |   0.0 |       0 |      18 |   0.0 |  1377
               +---------+---------+-------+---------+---------+-------+---------
           D:1 |       0 |      37 |   0.0 |       0 |      17 |   0.0 |  1302
           D:2 |       0 |       1 |   0.0 |       0 |       1 |   0.0 |    75
               +---------+---------+-------+---------+---------+-------+---------
